 Dungeon Crawl Stone Soup version 0.20.0-6-gd3061e9 (webtiles) character file.

188 Inarius the Stinger (level 5, 0/38 HPs)
             Began as a Draconian Venom Mage on May 28, 2017.
             Slain by an orc wizard
             ... wielding a +0 dagger
              (3 damage)
             ... on level 4 of the Dungeon.
             The game lasted 00:14:10 (5302 turns).

Inarius the Stinger (Draconian Venom Mage)          Turns: 5302, Time: 00:14:11

Health: 0/38       AC:  5    Str: 11    XL:     5   Next: 39%
Magic:  0/9        EV: 12    Int: 16    God:
Gold:   152        SH:  0    Dex: 11    Spells: 3/10 levels left

rFire    . . .     SeeInvis .   f - +1 long sword (elec)
rCold    . . .     Gourm    .   (no shield)
rNeg     . . .     Faith    .   (armour unavailable)
rPois    .         Spirit   .   (helmet restricted)
rElec    .         Reflect  .   (no cloak)
rCorr    .         Harm     .   (no gloves)
MR       .....                  (no boots)
Stlth    +.........             n - amulet of inaccuracy
Regen    0.2/turn               (no ring)
MPRegen  0.2/turn               (no ring)

@: confused
A: unfitting armour, cold-blooded, AC +5
a: no special abilities


You were on level 4 of the Dungeon.
You were not hungry.

You visited 1 branch of the dungeon, and saw 4 of its levels.

You collected 152 gold pieces.

Inventory:

Hand Weapons
 f - a +1 long sword of electrocution (weapon)
Jewellery
 n - an amulet of inaccuracy (around neck)
Scrolls
 c - a scroll of enchant armour
 g - a scroll of magic mapping
 i - a scroll of teleportation
 k - 2 scrolls of amnesia {unknown}
 l - a scroll of fog
 o - 3 scrolls of remove curse
 p - a scroll of blinking {unknown}
 r - a scroll of fear {unknown}
Potions
 e - 2 potions of flight {unknown}
 h - 3 potions of curing
 j - 3 potions of heal wounds
 q - a potion of mutation {unknown}
Books
 a - a Young Poisoner's Handbook

   Spells                             Type                      Level
   a - Sting                          Conjuration/Poison           1
   b - Poisonous Vapours              Poison/Air                   2
   c - Mephitic Cloud                 Conjuration/Poison/Air       3
   d - Olgreb's Toxic Radiance        Poison                       4
   e - Venom Bolt                     Conjuration/Poison           5
Comestibles
 b - 3 bread rations
 d - a fruit
 m - 2 royal jellies
 s - a meat ration


   Skills:
 + Level 2.1 Dodging
 - Level 1.7 Stealth
 + Level 3.1 Spellcasting
 * Level 2.6 Conjurations
 + Level 1.0 Air Magic
 + Level 4.4 Poison Magic


You had 3 spell levels left.
You knew the following spells:

 Your Spells              Type           Power        Failure   Level  Hunger
a - Sting                 Conj/Pois      ##..         4%          1    None
b - Poisonous Vapours     Pois/Air       ##....       9%          2    ##.....
c - Olgreb's Toxic Radia  Pois           ###.....     30%         4    ####...


Dungeon Overview and Level Annotations

Branches:
Dungeon (4/15)
 Temple: D:4-7

Altars:

Annotations:
D:3 ghjk's ghost, amateur MiFi


Innate Abilities, Weirdness & Mutations

Your plain brown scales are hard. (AC +5)
You cannot fit into any form of body armour.
You are cold-blooded and may be slowed by cold attacks.


Message History

A magic dart appears from out of thin air!
The magic dart hits you!
* * * LOW HITPOINT WARNING * * *
Casting: Poisonous Vapours
Confirm with . or Enter, or press ? or * to list all spells.
Aiming: Poisonous Vapours
Press: ? - help, Dir - move target cursor, f - orc
Aim: an orc (severely wounded) Poisonous vapours surround the orc!
The orc is engulfed in poison gas.
The orc is poisoned.
You kill the orc!
You hear some strange, mumbled words.
You are confused.
A magic dart appears from out of thin air!
The magic dart hits you!
* * * LOW HITPOINT WARNING * * *
All of the chunks of flesh in your inventory have rotted away.
You miss something.
Your tail-slap misses something.
Something hits you but does no damage. Something hits you.
You die...

#.P.....##
#........##
###.......######
#.............
#.......######
#####......##
..........## ###
#.####....###.....
.......@.........#
#######{.####.##.#
#..# #..# #.†# #
###).###...#
#........#
......?.###...#
..##)##.# ##


There were no monsters in sight!

Vanquished Creatures
  5 adders
  3 gnolls
  2 oozes
  4 worms
  3 dart slugs
  4 leopard geckos
  3 orcs (D:4)
  A giant cockroach (D:1)
  7 goblins
  8 hobgoblins
  10 jackals
  3 quokkas
  A ball python (D:3)
  8 bats
  A frilled lizard (D:1)
  8 kobolds
  7 rats
78 creatures vanquished.

Notes
Turn   | Place    | Note
-------+----------+-------------------------------------------
     0 | D:1      | Inarius the Draconian Venom Mage began the quest for the Orb.
     0 | D:1      | Reached XP level 1. HP: 14/14 MP: 3/3
   484 | D:1      | Reached XP level 2. HP: 20/20 MP: 0/5
   488 | D:1      | Learned a level 2 spell: Poisonous Vapours
  1102 | D:1      | Reached XP level 3. HP: 18/26 MP: 0/6
  1899 | D:1      | Reached XP level 4. HP: 6/33 MP: 0/8
  2191 | D:2      | Learned a level 4 spell: Olgreb's Toxic Radiance
  2313 | D:2      | Reached skill level 4 in Poison Magic
  3255 | D:2      | Reached XP level 5. HP: 38/38 MP: 5/9
  4532 | D:3      | Noticed ghjk's ghost (amateur MiFi)
  4622 | D:3      | Reached skill level 1 in Air Magic
  5302 | D:4      | Slain by an orc wizard

Skill      XL: |  1  2  3  4  5 |
---------------+----------------+-----
Dodging        | 2 |  2.1
Poison Magic   | 4 |  4.4
Conjurations   | 2 |  2.6
Spellcasting   | 3 |  3.1
Air Magic      | 1 |  1.0
Stealth        | |  1.7

Action                   |  1- 3 |  4- 6 || total
-------------------------+-------+-------++-------
Melee: Unarmed           |     8 |       ||     8
       Tailslap          |     9 |     3 ||    12
       Dagger            |    45 |       ||    45
       Flail             |     3 |    10 ||    13
       Long sword        |       |    44 ||    44
 Cast: Sting             |    46 |    68 ||   114
       Poisonous Vapours |     5 |    18 ||    23
       Olgreb's Toxic Ra |       |     1 ||     1
  Use: Scroll            |       |     7 ||     7
  Eat: Chunk             |     4 |    10 ||    14
       Fruit             |       |     2 ||     2
Armor: Skin              |    20 |    22 ||    42
Dodge: Dodged            |    54 |    67 ||   121
       Rpst.: Long sword |       |    22 ||    22
